 Dungeon Crawl Stone Soup version 0.17-a0-1534-gf98da79 (webtiles) character file.

84 urechis the Conjurer (level 4, -2/24 HPs)
             Began as a Gargoyle Wizard on July 17, 2015.
             Slain by DEFE's ghost (8 damage)
             ... on level 3 of the Dungeon.
             The game lasted 00:05:01 (2616 turns).

urechis the Conjurer (Gargoyle Wizard)              Turns: 2616, Time: 00:05:01

Health: -2/24      AC:  8    Str: 10    XL:     4   Next: 45%
Magic:  1/8        EV:  6    Int: 20    God:
Gold:   92         SH:  0    Dex:  8    Spells: 1 memorised, 8 levels left

rFire  . . .     SeeInvis .     l - +0 short sword
rCold  . . .     Clarity  .     a - +0 robe
rNeg   + + .     SustAt   .     (no shield)
rPois  ∞         Gourm    .     b - +0 hat
rElec  +         Spirit   .     e - +2 cloak
rCorr  .         Warding  +     (no gloves)
rMut   .         Stasis   .     (no boots)
MR     .....                    i - amulet of warding
Stlth  +.........               (no ring)
                                j - ring of loudness (curse)

@: not resistant to hostile enchantments, very unstealthy
A: negative energy resistance 1, electricity resistance, unbreathing,
petrification resistance, rot immunity, AC +3
a: no special abilities


You were on level 3 of the Dungeon.
You were not hungry.

You visited 1 branch of the dungeon, and saw 3 of its levels.

You collected 92 gold pieces.

Inventory:

Hand weapons
 l - a +0 short sword (weapon)
Armour
 a - a +0 robe (worn)
 b - a +0 hat (worn)
 e - a +2 cloak (worn)
Jewellery
 i - an amulet of warding (around neck)
 j - a cursed ring of loudness (left hand)
Scrolls
 g - 2 scrolls of magic mapping {unknown}
 h - 7 scrolls of identify {unknown}
 n - a scroll of teleportation {unknown}
Potions
 k - 2 potions of magic {unknown}
 o - a potion of agility {unknown}
 p - a potion of degeneration {unknown}
 q - a potion of heal wounds {unknown}
Books
 c - a book of Minor Magic

   Spells                             Type                      Level
   a - Magic Dart                     Conjuration                  1
   b - Blink                          Translocation                2
   c - Call Imp                       Summoning                    2
   d - Repel Missiles                 Charms/Air                   2
   e - Slow                           Hexes                        2
   f - Conjure Flame                  Conjuration/Fire             3
   g - Mephitic Cloud                 Conjuration/Poison/Air       3
Comestibles
 d - 2 bread rations
 f - 2 fruits
 m - 4 meat rations


   Skills:
 - Level 1.5 Dodging
 - Level 2.1 Stealth
 - Level 3.0 Spellcasting
 + Level 4.5 Conjurations
   Level 0.8 Summonings
   Level 0.8 Translocations


You had 8 spell levels left.
You knew the following spells:

 Your Spells              Type           Power        Failure   Level  Hunger
a - Magic Dart            Conj           ###.         2%          1    None


Dungeon Overview and Level Annotations

Branches:
Dungeon (3/15)

Altars:
Gozag

Annotations:
D:3 DEFE's ghost, average DgWn


Innate Abilities, Weirdness & Mutations

You are resistant to torment.
Your stone body is resilient (AC +3).
You are immune to poison.
You resist negative energy.
You are resistant to electric shocks.
You can survive without breathing.
You are immune to petrification.
You are immune to rotting.


Message History

Casting: Magic Dart
Confirm with . or Enter, or press ? or * to list all spells.
Aiming: Magic Dart
Press: ? - help, Shift-Dir - straight line, f/p - DEFE's ghost
Aim: DEFE's ghost (moderately damaged)
The magic dart hits DEFE's ghost.
DEFE's ghost is heavily damaged.
DEFE's ghost hits you but does no damage.
You closely miss DEFE's ghost.
DEFE's ghost is heavily damaged.
DEFE's ghost hits you!
You barely miss DEFE's ghost.
DEFE's ghost is heavily damaged.
DEFE's ghost hits you but does no damage.
You hit DEFE's ghost.
DEFE's ghost is heavily damaged.
DEFE's ghost hits you.
* * * LOW HITPOINT WARNING * * *
DEFE's ghost hits you!
You die...

#.....# #.....# #.....#
#.# #.....####.# .##
###.....#.....
....##.....###.##.##
.............#.#..(#####
#..@W..#.#.#.[.....#
#........#.#.....P..
#(....÷....##......#
...............(....P##
.[...........###..####
#.................#
####...##....####.#
#.........# .#
..........## .#


You could see DEFE's ghost.

Vanquished Creatures
  4 adders (D:2)
  2 worms (D:2)
  2 giant geckos
  6 bats
  2 giant cockroaches
  5 goblins (D:2)
  6 hobgoblins
  2 jackals (D:1)
  4 kobolds
  A ball python (D:1)
  A giant newt (D:2)
  4 rats (D:1)
39 creatures vanquished.

Notes
Turn   | Place    | Note
--------------------------------------------------------------
     0 | D:1      | urechis the Gargoyle Wizard began the quest for the Orb.
     0 | D:1      | Reached XP level 1. HP: 10/10 MP: 4/4
   356 | D:1      | Reached XP level 2. HP: 9/15 MP: 3/6
  1342 | D:2      | Found an opulent altar of Gozag.
  1500 | D:2      | Found a faded altar to an unknown god.
  1509 | D:2      | Reached XP level 3. HP: 19/19 MP: 3/7
  2094 | D:2      | Reached skill level 4 in Conjurations
  2195 | D:2      | Reached XP level 4. HP: 22/24 MP: 3/8
  2591 | D:3      | Noticed DEFE's ghost (average DgWn)
  2616 | D:3      | Slain by DEFE's ghost

Vault maps used:
D:1:      eino_arrival_water_cross
D:2:      first_bread, ecumenical_altar_2, nicolae_gozag_seed_capital
D:3:      uniq_crazy_yiuf_cottage

Action                   |  1- 3 |  4- 6 || total
-------------------------+-------+-------++-------
Melee: Whip              |    33 |       ||    33
       Unarmed           |     8 |       ||     8
       Short sword       |    45 |     4 ||    49
 Cast: Magic Dart        |    77 |    28 ||   105
  Eat: Chunk             |     4 |     1 ||     5
